 Dungeon Crawl Stone Soup version 0.18.1-48-g4cf74bf (webtiles) character file.

16 mopl the Magician (level 2, 0/13 HPs)
             Began as a Vine Stalker Wanderer on Aug 31, 2016.
             Hit by a stone thrown by a kobold (1 damage)
             ... on level 1 of the Dungeon.
             The game lasted 00:00:43 (122 turns).

mopl the Magician (Vine Stalker Wanderer)            Turns: 122, Time: 00:00:44

Health: 0/13       AC:  2    Str: 12    XL:     2   Next: 58%
Magic:  0/9        EV: 11    Int: 13    God:
Gold:   0          SH:  0    Dex: 14    Spells: 0 memorised, 11 levels left

rFire  . . .     SeeInvis .     e - +0 dagger
rCold  . . .     Gourm    .     d - +0 robe
rNeg   . . .     Faith    .     (no shield)
rPois  .         Spirit   +     (no helmet)
rElec  .         Dismiss  .     (no cloak)
rCorr  .         Reflect  .     (no gloves)
SustAt .         Harm     .     (no boots)
MR     .....                    (no amulet)
Stlth  ++........               (no ring)
                                (no ring)

@: lethally poisoned (0 -> -1), not resistant to hostile enchantments,
unstealthy
A: fangs 2, regeneration 1, magic shield, antimagic bite, no device heal 3, rot
immunity
a: no special abilities


You were on level 1 of the Dungeon.
You were not hungry.

You visited 1 branch of the dungeon, and saw 1 of its levels.

Inventory:

Hand Weapons
 e - a +0 dagger (weapon)
Armour
 d - a +0 robe (worn)
Scrolls
 c - a scroll of teleportation
Books
 a - a book of Minor Magic

   Spells                             Type                      Level
   a - Magic Dart                     Conjuration                  1
   b - Blink                          Translocation                2
   c - Call Imp                       Summoning                    2
   d - Repel Missiles                 Charms/Air                   2
   e - Slow                           Hexes                        2
   f - Conjure Flame                  Conjuration/Fire             3
   g - Mephitic Cloud                 Conjuration/Poison/Air       3
 b - the Tome of the Blaze

   Spells                             Type                      Level
   a - Flame Tongue                   Conjuration/Fire             1
   b - Conjure Flame                  Conjuration/Fire             3
Comestibles
 f - a bread ration


   Skills:
 + Level 1.1 Short Blades
 + Level 1.4 Throwing
 + Level 1.1 Stealth
 - Level 5.4 Spellcasting
   Level 1.0 Conjurations
   Level 2.0 Translocations
   Level 1.0 Evocations


You had 11 spell levels left.
You didn't know any spells.

Dungeon Overview and Level Annotations

Branches:
Dungeon (1/15)

Altars:


Innate Abilities, Weirdness & Mutations

You have extremely sharp teeth.
Your natural rate of healing is unusually fast.
When hurt, damage is shared between your health and your magic reserves.
Your bite disrupts and absorbs the magic of your enemies.
Potions and wands cannot restore your health.
You are immune to rotting.


Message History

You barely miss the adder. You bite the adder, but do no damage.
The adder is almost dead.
The adder bites you.
* * * LOW HITPOINT WARNING * * *
You completely miss the adder. Your bite misses the adder.
The adder is almost dead.
* * * LOW HITPOINT WARNING * * *
You feel sick. The adder barely misses you.
You completely miss the adder. Your bite misses the adder.
The adder is almost dead.
The adder closely misses you.
You hit the adder but do no damage.
The adder is almost dead.
* * * LOW HITPOINT WARNING * * *
You feel sick. The adder completely misses you. The adder bites you.
You hit the adder.
You kill the adder!
Your Stealth skill increases to level 1!
The bat closely misses you.
The kobold throws a stone.
The stone hits you.
You die...

# ###########....
#...@†K.)......
#.####b##......
###.####.####.###
....>....b......
##..###.#.##..###
#......##.#..#
##...!..#.##..# #
..........##..#
>##
##........##..
...


You could see a bat and a kobold.

Vanquished Creatures
  An adder (D:1)
  3 bats (D:1)
  2 hobgoblins (D:1)
  A kobold (D:1)
  A rat (D:1)
8 creatures vanquished.

Notes
Turn   | Place    | Note
--------------------------------------------------------------
     0 | D:1      | mopl the Vine Stalker Wanderer began the quest for the Orb.
     0 | D:1      | mopl set off with: a book of Minor Magic, the Tome of the Blaze, a scroll of teleportation, a +0 robe, a +0 dagger, a bread ration
     0 | D:1      | Reached XP level 1. HP: 9/9 MP: 7/7
     0 | D:1      | Identified the Tome of the Blaze
    85 | D:1      | Reached skill level 1 in Short Blades
    99 | D:1      | Reached XP level 2. HP: 13/13 MP: 9/9
   122 | D:1      | Reached skill level 1 in Stealth
   122 | D:1      | Hit by a stone thrown by a kobold

Skill      XL: |  1  2 |
---------------+-------+-----
Short Blades   | 1 |  1.1
Stealth        | 1 |  1.1
Throwing       | |  1.4
Spellcasting   | |  5.4
Conjurations   | |  1.0
Translocations | |  2.0
Evocations     | |  1.0

Action                   || total
-------------------------++-------
Melee: Dagger            ||    59
       Bite              ||     8
Armor: Robe              ||    23
Dodge: Dodged            ||    75
